 Dungeon Crawl Stone Soup version 0.22-a0-570-g58866f5 (webtiles) character file.

39 royokou the Chopper (level 3, -9/34 HPs)
             Began as a Minotaur Berserker on June 30, 2018.
             Was a Believer of Trog.
             Mangled by a gnoll
             ... wielding a +0 flail
              (10 damage)
             ... on level 2 of the Dungeon.
             The game lasted 00:01:59 (843 turns).

royokou the Chopper (Minotaur Berserker)             Turns: 843, Time: 00:01:59

Health: -9/34      AC:  2    Str: 21    XL:     3   Next: 26%
Magic:  2/2        EV:  6    Int:  5    God:    Trog [**....]
Gold:   33         SH:  0    Dex:  9    Spells: 2/2 levels left

rFire    x . .     SeeInvis .   a - +0 hand axe
rCold    + . .     Gourm    .   (no shield)
rNeg     . . .     Faith    .   b - +0 animal skin
rPois    .         Spirit   .   (helmet restricted)
rElec    .         Reflect  .   (no cloak)
rCorr    +         Harm     .   (no gloves)
MR       .....                  (no boots)
Stlth    +.........             (no amulet)
HPRegen  0.11/turn              l - ring of ice
MPRegen  0.08/turn              m - ring of resist corrosion

@: berserk cooldown, held, slowed, very slow
A: retaliatory headbutt, horns 2
a: Berserk, Trog's Hand, Renounce Religion


You were on level 2 of the Dungeon.
You worshipped Trog.
Trog was pleased with you.
You were hungry.

You visited 1 branch of the dungeon, and saw 2 of its levels.

You collected 33 gold pieces.

Inventory:

Hand Weapons
 a - a +0 hand axe (weapon)
Armour
 b - a +0 animal skin (worn)
Jewellery
 l - a ring of ice (left hand)
 m - a ring of resist corrosion (right hand)
Scrolls
 f - 5 scrolls of identify {unknown}
 h - a scroll of fear {unknown}
 i - a scroll of magic mapping {unknown}
 j - a scroll of remove curse
 k - a scroll of teleportation {unknown}
Potions
 d - a potion of flight
 e - a potion of might
 g - a potion of brilliance {unknown}
Comestibles
 c - 2 rations


   Skills:
 + Level 4.5 Fighting
 + Level 4.5 Axes
 - Level 2.4 Armour
 - Level 2.2 Dodging


You had 2 spell levels left.
You didn't know any spells.
Your spell library was empty.

Dungeon Overview and Level Annotations

Branches:
Dungeon (2/15)

Altars:


Innate Abilities, Weirdness & Mutations

You reflexively headbutt those who attack you in melee.
You have a pair of horns on your head.


Message History

You are held in a net!
You are held in a net!
You feel a strong urge to attack something.
The gnoll hits you with a flail. x2
You are held in a net!
You are held in a net!
You are held in a net!
You feel your anger nearly subside. The gnoll hits you with a flail.
The gnoll hits you with a flail!
You are held in a net!
You are no longer berserk.
You are exhausted.
You feel yourself slow down.
You are held in a net!
The gnoll hits you with a flail. x2; The gnoll hits you with a flail!
* * * LOW HITPOINT WARNING * * *
The gnoll barely misses you.
You are too injured to fight recklessly!
The gnoll barely misses you. The gnoll hits you with a flail!
You die...

#..# ## . #..# #. .#
#..# #. .. #..### ###.
#. ##....# #... #.
#...#.# #.## #g
#...#.#######.##
#g##...#...........
#g@.......#.?(.....
#.............#.####.#.
#.##..........#.# #.#.
..........#.##.# #...
######....#.##(# #....
#.......... ....#
#....##.#.# ##(##
#...## .... ... #.# #


You could see 3 gnolls.

Vanquished Creatures
  A worm (D:2)
  2 dart slugs (D:1)
  A ball python (D:1)
  2 giant cockroaches (D:1)
  3 goblins
  7 hobgoblins
  8 bats
  2 frilled lizards
  A kobold (D:1)
  2 rats (D:1)
29 creatures vanquished.

Notes
Turn   | Place    | Note
-------+----------+-------------------------------------------
     0 | D:1      | royokou the Minotaur Berserker began the quest for the Orb.
     0 | D:1      | Reached XP level 1. HP: 19/19 MP: 0/0
   160 | D:1      | Reached XP level 2. HP: 16/27 MP: 1/1
   498 | D:1      | Reached XP level 3. HP: 34/34 MP: 2/2
   634 | D:2      | Reached ** piety under Trog
   709 | D:2      | Found a faded altar of an unknown god.
   842 | D:2      | HP: 1/34 [gnoll/flail (11)]
   843 | D:2      | Mangled by a gnoll

Vault maps used:
D:1:      roderic_chinese_lattice_arrival
D:2:      chequers_ecumenical_altar_simple_redux, minmay_misc_feat_enclosed

Skill      XL: |  1 |
---------------+----+-----
Fighting       | 4 |  4.5
Axes           | 4 |  4.5
Armour         | |  2.4
Dodging        | |  2.2

Action                   || total
-------------------------++-------
Melee: Hand axe          ||    46
       Headbutt          ||     9
Invok: Berserk           ||     1
  Use: Scroll            ||     4
       Potion            ||     4
 Stab: Sleeping          ||     2
Armor: Animal skin       ||    11
Dodge: Dodged            ||    25

Table legend:
 A = Spawn XP
 B = Non-spawn XP
 C = Spawn XP percentage of total XP
 D = Spawn monster count
 E = Non-spawn monster count
 F = Spawn count percentage of total count
 G = Total turns spent on level
                    A         B        C        D         E        F      G
               +---------+---------+-------+---------+---------+-------+---------
         Total |       0 |      56 |   0.0 |       0 |      29 |   0.0 |   843
               +---------+---------+-------+---------+---------+-------+---------
           D:1 |       0 |      43 |   0.0 |       0 |      22 |   0.0 |   604
           D:2 |       0 |      13 |   0.0 |       0 |       7 |   0.0 |   239
               +---------+---------+-------+---------+---------+-------+---------
